 Dungeon Crawl Stone Soup version 0.19.4-8-ga85b6b9 (console) character file.

412 Kloppie the Skirmisher (level 6, 0/53 HPs)
             Began as a Demonspawn Berserker on Feb 9, 2017.
             Was a Priest of Trog.
             Slain by a worker ant (6 damage)
             ... on level 4 of the Dungeon.
             The game lasted 00:04:20 (3718 turns).

Kloppie the Skirmisher (Demonspawn Berserker)       Turns: 3718, Time: 00:04:21

Health: 0/53       AC:  7    Str: 18    XL:     6   Next: 59%
Magic:  6/6        EV: 11    Int:  8    God:    Trog [***...]
Gold:   182        SH:  0    Dex: 14    Spells: 0 memorised, 5 levels left

rFire  . . .     SeeInvis .     a - +0 falchion
rCold  + . .     Gourm    .     m - +0 ring mail
rNeg   . . .     Faith    .     (no shield)
rPois  .         Spirit   .     (helmet restricted)
rElec  .         Reflect  .     n - +0 cloak
rCorr  .         Harm     .     w - +0 pair of gloves
MR     ++...                    (no boots)
Stlth  +.........               (no amulet)
                                (no ring)
                                (no ring)

@: lethally poisoned (0 -> 0), regenerating
A: horns 2, cold resistance 1
a: Berserk, Trog's Hand, Burn Spellbooks, Renounce Religion


You were on level 4 of the Dungeon.
You worshipped Trog.
Trog was most pleased with you.
You were not hungry.

You visited 1 branch of the dungeon, and saw 4 of its levels.

You collected 182 gold pieces.

Inventory:

Hand Weapons
 a - a +0 falchion (weapon)
Armour
 b - a +0 animal skin
 m - a +0 ring mail (worn)
 n - a +0 cloak (worn)
 w - a +0 pair of gloves (worn)
Jewellery
 p - an uncursed ring of see invisible {unknown}
Wands
 y - a wand of flame (23/48)
Scrolls
 e - 4 scrolls of remove curse {unknown}
 f - 2 scrolls of enchant weapon {unknown}
 g - a scroll of recharging {unknown}
 h - a scroll of noise {unknown}
 i - 6 scrolls of identify {unknown}
 o - 2 scrolls of blinking {unknown}
 q - 2 scrolls of magic mapping {unknown}
 s - 4 scrolls of teleportation {unknown}
 v - a scroll of amnesia {unknown}
 B - a scroll of fear {unknown}
Potions
 k - a potion of degeneration {unknown}
 l - a potion of heal wounds {unknown}
 r - 2 potions of might {unknown}
 u - 2 potions of magic {unknown}
 x - a potion of resistance {unknown}
 z - a potion of invisibility {unknown}
 A - a potion of haste {unknown}
 D - 2 potions of curing {unknown}
 E - a potion of lignification {unknown}
 F - a potion of mutation {unknown}
Comestibles
 c - 4 bread rations
 d - a chunk of flesh
 j - 6 meat rations
 t - 5 fruits


   Skills:
 * Level 6.3 Fighting
 + Level 4.4 Long Blades
 - Level 1.7 Armour
 - Level 1.7 Dodging


You had 5 spell levels left.
You didn't know any spells.

Dungeon Overview and Level Annotations

Branches:
Dungeon (4/15)             Temple (0/1) D:4

Altars:
Fedhas
Gozag
Makhleb
Okawaru
Uskayaw
Vehumet
Yredelemnul
The Shining One


Innate Abilities, Weirdness & Mutations

You have a pair of horns on your head.
Your flesh is cold resistant. (rC+)


Message History

The worker ant poisons you!
Your skin crawls.
You feel resistant to hostile enchantments.
You feel somewhat more hungry.
You feel sick. The worker ant barely misses you.
You hit the worker ant but do no damage.
You feel sick. The worker ant barely misses you.
You hit the worker ant but do no damage.
Your headbutt misses the worker ant. The worker ant barely misses you. x2
You closely miss the worker ant.
You feel sick. The worker ant bites you.
* * * LOW HITPOINT WARNING * * *
You hit the worker ant. Your headbutt misses the worker ant.
The worker ant is moderately wounded.
The worker ant bites you but does no damage.
You hit the worker ant.
The worker ant is heavily wounded.
You feel less exhausted. The worker ant bites you.
* * * LOW HITPOINT WARNING * * *
You feel sick. The worker ant bites you.
You die...

. ##......♣.♣.♣. ...
#......♣.♣._.♣ ...
##......)♣.♣.♣. ...#
##.........♣.♣.♣ ....##
##...........♣.♣. .....##
##.........#...♣.. ......###
####.................
......?.#####...............#####
...............a@......###### #
......................## ##
.....................## #####.
.......)............## ###.....
...................## ##.......
..................## #........
.................## #........
................## ##........
.................# #.........


You could see a worker ant.

Vanquished Creatures
  2 ogres (D:4)
  A hound (D:2)
  Terence (D:2)
  2 worker ants (D:4)
  3 adders (D:2)
  An ooze (D:1)
  An adder zombie (D:4)
  A worm (D:4)
  3 dart slugs
  6 leopard geckos
  3 giant cockroaches
  7 goblins
  10 hobgoblins
  14 jackals
  11 kobolds
  A quokka (D:3)
  3 ball pythons
  7 bats
  6 frilled lizards
  7 rats
90 creatures vanquished.

Vanquished Creatures (others)
  A ball python (D:2)
  A hobgoblin (D:2)
2 creatures vanquished.

Grand Total: 92 creatures vanquished

Notes
Turn   | Place    | Note
-------+----------+-------------------------------------------
     0 | D:1      | Kloppie the Demonspawn Berserker began the quest for the Orb.
     0 | D:1      | Reached XP level 1. HP: 18/18 MP: 1/1
   342 | D:1      | Gained mutation: Your flesh is cold resistant. (rC+) [demonic ancestry]
   342 | D:1      | Reached XP level 2. HP: 24/24 MP: 2/2
   727 | D:1      | Reached XP level 3. HP: 26/30 MP: 3/3
   785 | D:1      | Reached ** piety under Trog
  1238 | D:2      | Reached skill level 4 in Fighting
  1324 | D:2      | Noticed Terence
  1330 | D:2      | Killed Terence
  1330 | D:2      | Gained mutation: You have a pair of small horns on your head. [demonic ancestry]
  1330 | D:2      | Reached XP level 4. HP: 38/38 MP: 4/4
  1772 | D:2      | Found a glowing golden altar of the Shining One.
  1779 | D:2      | Found a basalt altar of Yredelemnul.
  1786 | D:2      | Noticed a profane servitor
  2136 | D:2      | Found a burning altar of Makhleb.
  2139 | D:2      | Reached skill level 5 in Fighting
  2139 | D:2      | Reached XP level 5. HP: 33/44 MP: 5/5
  2337 | D:3      | Found a basalt altar of Yredelemnul.
  2546 | D:3      | Found a blossoming altar of Fedhas.
  2549 | D:3      | Reached *** piety under Trog
  2590 | D:3      | Found an opulent altar of Gozag.
  2591 | D:3      | Found a hide-covered altar of Uskayaw.
  2870 | D:4      | Found a radiant altar of Vehumet.
  3121 | D:4      | Found a staircase to the Ecumenical Temple.
  3156 | D:4      | Found an iron altar of Okawaru.
  3584 | D:4      | Noticed an ogre
  3588 | D:4      | Killed an ogre
  3588 | D:4      | Gained mutation: You have a pair of horns on your head. [demonic ancestry]
  3588 | D:4      | Reached XP level 6. HP: 52/52 MP: 6/6
  3656 | D:4      | Reached skill level 6 in Fighting
  3718 | D:4      | Slain by a worker ant

Skill      XL: |  1  2  3  4  5  6 |
---------------+-------------------+-----
Long Blades    | 3 4 |  4.4
Fighting       | 4 5 6 |  6.3
Armour         | |  1.7
Dodging        | |  1.7

Action                   |  1- 3 |  4- 6 || total
-------------------------+-------+-------++-------
Melee: Falchion          |    71 |   145 ||   216
       Headbutt          |       |    38 ||    38
Invok: Berserk           |     5 |     3 ||     8
       Trog's Hand       |       |     2 ||     2
 Stab: Sleeping          |     2 |     3 ||     5
  Eat: Chunk             |     5 |    11 ||    16
       Beef jerky        |       |     1 ||     1
Armor: Animal skin       |    21 |    25 ||    46
       Ring mail         |       |    10 ||    10
Dodge: Dodged            |    60 |    89 ||   149
       Rpst.: Falchion   |    20 |    26 ||    46
